 Dungeon Crawl Stone Soup version 0.30-a0-879-ga8ba668304 (webtiles) character file.

Game seed: 9486253973050681097

392 porpoise the Shooter (level 6, -1/38 HPs)
             Began as a Tengu Hunter on Mar 14, 2023.
             Was an Initiate of Hepliaklqana.
             Blown up by an orc (17 damage)
             ... with a mindburst bolt
             ... on level 5 of the Dungeon.
             The game lasted 00:11:17 (3440 turns).

porpoise the Shooter (Tengu Hunter)                 Turns: 3440, Time: 00:11:18

Health: -1/38      AC:  4    Str: 11    XL:     6   Next: 81%
Magic:  7/7        EV: 14    Int:  9    God:    Hepliaklqana [......]
Gold:   177        SH:  0    Dex: 20    Spells: 5/5 levels left

rFire   . . .      SeeInvis .    b - +0 short sword
rCold   + . .      Faith    .    (no shield)
rNeg    . . .      Spirit   .    c - +0 leather armour
rPois   +          Reflect  .    (helmet restricted)
rElec   .          Rampage  .    (no cloak)
rCorr   .                        k - +0 pair of gloves
Will    .....                    (boots unavailable)
Stlth   +                        (no amulet)
HPRegen 0.26/turn                s - ring of protection from cold
MPRegen 0.10/turn                A - ring of poison resistance

@: confused, flying quickly and evasively, quick
A: beak, talons 3, nimble flight
a: Renounce Religion


You were on level 5 of the Dungeon.
You worshipped Hepliaklqana.
Hepliaklqana was noncommittal.
You visited 2 branches of the dungeon, and saw 6 of its levels.

You collected 177 gold pieces.

Inventory:

Hand Weapons
 a - a +0 shortbow
 b - a +0 short sword (weapon)
 w - a +0 scimitar
Missiles
 e - 3 throwing nets
 g - 2 poisoned darts
 r - 4 curare-tipped darts
Armour
 c - a +0 leather armour (worn)
 k - a +0 pair of gloves (worn)
Jewellery
 i - a ring of wizardry
 s - a ring of protection from cold (left hand)
 A - a ring of poison resistance (right hand)
Scrolls
 f - 3 scrolls of magic mapping
 h - a scroll of silence {unknown}
 j - a scroll of poison {unknown}
 l - a scroll of teleportation
 v - a scroll of immolation
 y - a scroll of fear {unknown}
 z - a scroll of vulnerability {unknown}
 B - a scroll of enchant armour {unknown}
 C - a scroll of fog
 D - 3 scrolls of identify
Potions
 d - a potion of might {unknown}
 m - 4 potions of mutation
 n - a potion of magic {unknown}
 o - 2 potions of curing
 p - a potion of brilliance {unknown}
 q - a potion of cancellation {unknown}
 t - a potion of berserk rage {unknown}
 u - 2 potions of heal wounds
 x - a potion of attraction {unknown}


   Skills:
 + Level 3.8 Fighting
 * Level 6.9 Ranged Weapons
 - Level 2.1 Dodging
 + Level 3.5 Stealth


You had 5 spell levels left.
You didn't know any spells.
Your spell library contained the following spells:

 Spells                   Type           Power      Damage    Failure   Level
 Sublimation of Blood     Necr           0%         N/A       63%         2
 Wereblood                Tmut           0%         N/A       63%         2
 Gell's Gravitas          Tloc           0%         N/A       85%         3
 Ozocubu's Armour         Ice            0%         N/A       85%         3
 Teleport Other           Tloc           0%         N/A       85%         3
 Summon Lightning Spire   Summ/Air       0%         N/A       99%         4
 Metabolic Englaciation   Hex/Ice        0%         N/A       100%        5
 Conjure Ball Lightning   Conj/Air       0%         3x3d6     100%        6
 Dispersal                Tloc           0%         N/A       100%        6
 Simulacrum               Ice/Necr       0%         N/A       100%        6
 Storm Form               Tmut/Air       0%         N/A       100%        7
 Summon Hydra             Summ           0%         N/A       100%        7
 Discord                  Hex            0%         N/A       100%        8
 Disjunction              Tloc           0%         N/A       100%        8
 Maxwell's Capacitive Co  Air            0%         ∞         100%        8


Dungeon Overview and Level Annotations

Branches:
Dungeon (5/15)             Temple (1/1) D:4

Altars:
Ashenzari
Dithmenos
Fedhas
Gozag
Hepliaklqana
Qazlal
Ru
Trog
Zin


Innate Abilities, Weirdness & Mutations

You have a beak for a mouth.
You have claws for feet.
Your magical nature lets you fly swiftly and evasively.


Message History

The orc wizard hits you with a +0 dagger.
You shoot an arrow. The arrow hits the orc wizard!
The orc wizard is almost dead.
The orc wizard hits you with a +0 dagger.
You hear some strange, mumbled words.
Something tries to affect you, but you resist.
You shoot an arrow. The arrow hits the orc wizard.
You kill the orc wizard!
Something hits you but does no damage. The orc barely misses you. x2
Something barely misses you.
You shoot an arrow. The arrow closely misses the orc.
Something hits you but does no damage. The orc barely misses you.
You shoot an arrow. The arrow hits the orc.
The orc is severely wounded.
You hear some strange, mumbled words.
You are confused.
The orc hits you with a +0 club.
You are too confused!
You are too confused!
You are too confused!
You are too confused!
You are too confused!
Non-targeted confused fire: a) +0 shortbow
Press: ? - help, Q - select action, (/) - cycle Dir - look around, f - activate You shoot an arrow.
Something hits you. The orc hits you with a +0 club.
Non-targeted confused fire: a) +0 shortbow
Press: ? - help, Q - select action, (/) - cycle Dir - look around, f - activate Look: an orc, wielding a +0 club and carrying a wand of mindburst (13) (severely wounded)
You shoot an arrow. Something barely misses you.
The orc hits you with a +0 club. The orc completely misses you.
Something hits you but does no damage.
b - a +0 short sword (weapon)
The orc zaps a wand.
Something's mind is blasted!
You closely miss something. Something hits you.
You feel less confused.
You hear some strange, mumbled words.
You are confused.
Something hits you.
The orc zaps a wand.
Your mind is blasted!
You die...

,,,*,,,,,,,,,#....###,,,*****,,,,
,,,*,,*#######....#,,,,,,,,,*,,,,
,,,*,,*...........#,,,,,,,,,*,,,,
,,,*,,+...........#,,,,,**,,*,,,,
*******...........#,,,,,**,,*,,,,
,,*,,,,...........#,,,,,**,,***,,
,,*,,,,...........#,,,,,,*,,,,+,,
,,*,,,,...........#,,,,,**,,,,,,,
,,*,,,,........o@.#,,,,,**,,*,,*,
,,*,,,,#.#####..{.#,,,,,**,,,,***
,,******,* #..))#,,,,,,*,,,**∩*
,,**,,,,,* #....#,,,,,,*,,**,,,
,,**,***,*** #....#******,,**,,,,
,,**,*,,,,,* ##'#..,,,*,*,*****+*
,,**,*,,,,,***..#...,,*,,,,,,,,,,
+*,,,,,,_,,,,,..#....,*,,,,*,,,,,
,,,***,,,,,*,#..*....,*,,,,+,,,,,


You could see an orc.

Vanquished Creatures
  Blork the orc (D:4)
  A scorpion (D:4)
  Jessica (D:2)
  2 orc wizards
  Robin (D:2)
  4 gnolls (D:4)
  3 adders
  An ufetubus (D:4)
  A worm (D:2)
  2 dart slugs
  5 orcs
  6 ball pythons
  3 endoplasms
  3 giant cockroaches
  13 goblins
  8 hobgoblins
  8 jackals
  5 quokkas
  6 bats
  16 frilled lizards
  7 kobolds
  5 rats
102 creatures vanquished.

Vanquished Creatures (others)
  7 plants (D:1)
7 creatures vanquished.

Grand Total: 109 creatures vanquished

Notes
Turn   | Place    | Note
-------+----------+-------------------------------------------
     0 | D:1      | porpoise the Tengu Hunter began the quest for the Orb.
     0 | D:1      | Reached XP level 1. HP: 12/12 MP: 2/2
   302 | D:1      | Reached XP level 2. HP: 17/17 MP: 3/3
   615 | D:1      | Reached XP level 3. HP: 22/22 MP: 4/4
   646 | D:1      | Reached skill level 5 in Ranged Weapons
   990 | D:2      | Noticed Jessica
   992 | D:2      | Killed Jessica
   993 | D:2      | Reached XP level 4. HP: 27/27 MP: 5/5
  1056 | D:2      | Noticed Robin
  1064 | D:2      | Killed Robin
  1435 | D:2      | Gained mutation: Your magical nature lets you fly swiftly
                  | and evasively. [Tengu growth]
  1435 | D:2      | Reached XP level 5. HP: 32/32 MP: 6/6
  1885 | D:3      | Reached skill level 6 in Ranged Weapons
  2404 | D:4      | Reached XP level 6. HP: 22/37 MP: 7/7
  2472 | D:4      | Found a staircase to the Ecumenical Temple.
  2483 | Temple   | Entered the Ecumenical Temple
  2595 | Temple   | Became a worshipper of Hepliaklqana the Forgotten
  3103 | D:4      | Found a bloodstained altar of Trog.
  3103 | D:4      | Found a broken altar of Ashenzari.
  3136 | D:4      | Noticed Blork the orc
  3145 | D:4      | Killed Blork the orc
  3392 | D:5      | Entered Level 5 of the Dungeon
  3440 | D:5      | Blown up by an orc

Illustrated notes

Levels and vault maps discovered:
D:1:      kilobyte_arrival_exit_the_forest, layout_basic, minmay_lizard_king
D:2:      layout_loops_ring, uniq_robin, uniq_jessica
D:3:      layout_rooms, roderic_lattice_a, minmay_starry_boxes
D:4:      layout_basic, mainiacjoe_overflow_divided_tiny,
          minmay_temple_entry_arrows, uniq_blork_the_orc
D:5:      layout_gridville, nicolae_overflow_crystal_walls,
          gup_ossuary_entry_pyramid
Temple:   regret_index_temple_generic_petals

Skill      XL: |  1  2  3  4  5 |
---------------+----------------+-----
Ranged Weapons | 5 6 |  6.9
Stealth        | 2 3 |  3.5
Fighting       | 3 |  3.8
Dodging        | |  2.1

Action                     |  1- 3 |  4- 6 || total
---------------------------+-------+-------++-------
  Melee: Shortbow          |       |     2 ||     2
         Unarmed           |       |     2 ||     2
         Kick              |       |     2 ||     2
         Short sword       |       |     1 ||     1
   Fire: Shortbow          |    57 |   173 ||   230
    Use: Scroll            |     1 |     7 ||     8
         Potion            |       |     1 ||     1
 Armour: Leather armour    |     6 |    30 ||    36
  Dodge: Dodged            |    16 |    47 ||    63

Table legend: (Time is in decaauts)
 A = Elapsed time spent in this place.
 B = Non-inter-level travel time spent in this place.
 C = Inter-level travel time spent in this place.
 D = Time resting spent in this place.
 E = Time spent auto-exploring this place.
 F = Levels seen in this place.
 G = Mean time per level.
                   A        B        C        D        E       F      G
               +--------+--------+--------+--------+--------+-----+--------+
         Total |   3355 |   3212 |    143 |    494 |   2143 |   6 |  559.2 |
       Dungeon |   3218 |   3109 |    109 |    494 |   2050 |   5 |  643.6 |
        Temple |    136 |    102 |     34 |      0 |     92 |   1 |  136.0 |
               +--------+--------+--------+--------+--------+-----+--------+

Top non-repeatable levels by time:
     D:1: 950 daAuts
     D:4: 836 daAuts
     D:2: 743 daAuts
     D:3: 642 daAuts
  Temple: 136 daAuts
     D:5: 47 daAuts
